Map: Deathaura LE

Players

Stats - Winner!

  • Race: Protoss Protoss
  • Spawn Location: 11:00

Neeb

  • Race: Protoss Protoss
  • Spawn Location: 5:00

Event: ASUS ROG Online 2020

VOD

Have the link to the VOD?

Description

Time

  • Played on: Nov. 27, 2020, 2:50 p.m.
  • Length: 26:28

All games in this series

Show
View Real Time Build Order
Export as new Build Order

Stats Protoss - Winner!

Build Orders: Oracle Opening 

Get SALT Encoding   

  12  0:00  Probe  
  13  0:12  Probe  
  14  0:18  Pylon  
  14  0:24  Probe (Chrono Boost)  
  15  0:36  Probe (Chrono Boost)  
  15  0:38  Gateway  
  16  0:45  Probe (Chrono Boost)  
  16  0:46  Assimilator  
  17  0:51  Probe  
  17  0:56  Assimilator  
  18  1:03  Probe (Chrono Boost)  
  19  1:07  Gateway  
  19  1:14  Probe (Chrono Boost)  
  20  1:18  Probe (Chrono Boost)  
  20  1:24  Cybernetics Core  
  21  1:29  Probe  
  22  1:35  Pylon  
  22  1:41  Probe  
  23  2:01  Adept x2  
  27  2:02  Warp Gate  
  27  2:06  Probe  
  28  2:12  Pylon  
  28  2:18  Probe  
  29  2:27  Pylon  
  29  2:31  Adept x2  
  33  2:38  Stargate  
  32  2:54  Probe  
  33  3:02  Pylon  
  33  3:05  Shield Battery  
  33  3:14  Nexus  
  33  3:23  Oracle (Chrono Boost)  
  33  3:24  Pylon  
  35  3:29  Probe  
  33  3:41  Probe  
  34  3:53  Oracle  
  34  3:54  Probe  
  38  4:06  Probe  
  39  4:10  Twilight Council  
  39  4:18  Probe  
  39  4:22  Stalker  
  34  4:28  Stalker  
  34  4:30  Probe  
  37  4:33  Shield Battery  
  37  4:39  Shield Battery  
  37  4:44  Probe (Chrono Boost)  
  38  4:46  Probe (Chrono Boost)  
  39  4:56  Probe (Chrono Boost)  
  39  4:57  Probe (Chrono Boost)  
  41  5:01  Blink, Probe (Chrono Boost)  
  41  5:02  Probe (Chrono Boost)  
  41  5:06  Shield Battery  
  43  5:11  Probe  
  43  5:13  Probe  
  45  5:15  Sentry x2  
  47  5:29  Probe (Chrono Boost)  
  47  5:30  Probe (Chrono Boost)  
  46  5:40  Forge  
  46  5:42  Probe x2 (Chrono Boost)  
  48  5:45  Sentry, Stalker  
  48  5:47  Probe x2 (Chrono Boost)  
  54  5:56  Probe x2  
  56  5:58  Phoenix  
  56  6:00  Pylon  
  56  6:07  Nexus  
  56  6:08  Probe x2  
  58  6:15  Protoss Ground Weapons Level 1  
  58  6:20  Assimilator, Probe x2  
  60  6:29  Shield Battery  
  60  6:32  Probe x2  
  62  6:35  Gateway  
  62  6:36  Gateway  
  62  6:38  Robotics Facility  
  62  6:44  Probe x2 (Chrono Boost)  
  65  6:56  Probe x2 (Chrono Boost)  
  65  6:57  Pylon  
  65  7:01  Probe x2 (Chrono Boost)  
  66  7:02  Pylon  
  66  7:07  Charge  
  68  7:10  Pylon, Probe x2  
  70  7:16  Phoenix  
  70  7:23  Probe (Chrono Boost)  
  70  7:26  Probe (Chrono Boost)  
  70  7:27  Probe (Chrono Boost)  
  73  7:33  Gateway x2  
  73  7:34  Gateway, Probe (Chrono Boost)  
  73  7:35  Gateway  
  73  7:37  Probe (Chrono Boost)  
  76  7:38  Assimilator x2, Probe (Chrono Boost)  
  76  7:40  Assimilator  
  76  7:43  Observer  
  77  7:44  Probe x2  
  77  7:47  Probe  
  77  7:48  Stalker  
  77  7:49  Stalker  
  84  7:56  Stalker x2, Probe  
  84  7:57  Probe  
  90  8:11  Probe x3  
  93  8:19  Robotics Facility  
  93  8:20  Robotics Bay  
  93  8:23  Protoss Ground Weapons Level 2 (Chrono Boost)  
  93  8:26  Photon Cannon  
  93  8:28  Pylon  
  93  8:36  Observer  
  93  8:38  Stalker x7  
  108  8:42  Pylon  
  108  8:46  Pylon  
  108  8:48  Pylon  
  108  8:52  Phoenix  
  108  8:53  Phoenix  
  108  9:05  Disruptor (Chrono Boost)  
  108  9:07  Disruptor (Chrono Boost)  
  114  9:10  Nexus  
  114  9:13  Shield Battery  
  114  9:16  Stalker x4, Pylon  
  122  9:24  Photon Cannon  
  122  9:27  Probe x3  
  122  9:30  Stalker  
  122  9:31  Stalker x2  
  131  9:33  Stalker  
  131  9:36  Disruptor x2  
  139  9:48  Photon Cannon  
  139  9:49  Shield Battery, Probe x2  
  140  9:55  Probe  
  141  10:01  Probe  
  141  10:02  Probe  
  141  10:06  Forge  
  143  10:07  Gateway  
  143  10:09  Gateway  
  143  10:16  Pylon  
  143  10:17  Pylon  
  143  10:18  Disruptor  
  143  10:19  Disruptor  
  149  10:25  Probe x3  
  149  10:26  Probe  
  153  10:30  Templar Archives  
  153  10:41  Protoss Ground Armor Level 1 (Chrono Boost), Protoss Ground Weapons Level 3 (Chrono Boost)  
  153  10:43  Assimilator x2  
  153  10:50  Dark Shrine  
  153  10:51  Gateway x2  
  153  10:58  Disruptor x2  
  159  11:12  Zealot x5  
  159  11:13  Zealot x5  
  176  11:54  Shadow Stride  
  176  12:04  Pylon  
  176  12:06  Pylon, Stargate  
  176  12:07  Pylon  
  176  12:10  Gateway, Nexus  
  176  12:11  Pylon  
  174  12:17  Gateway x2  
  174  12:37  High Templar  
  174  12:38  High Templar x5  
  174  12:39  Zealot x6  
  174  12:42  Archon  
  174  12:43  Archon x2  
  198  12:52  Protoss Ground Armor Level 2 (Chrono Boost)  
  198  12:53  Nexus  
  198  12:56  Pylon  
  196  13:14  Warp Prism  
  196  13:15  Observer  
  191  13:31  Protoss Shields Level 1 (Chrono Boost)  
  171  13:45  Zealot x8  
  171  13:46  Zealot x4  
  171  13:47  Zealot x2  
  195  14:14  Stalker  
  195  14:15  Stalker, Pylon, Warp Prism  
  185  14:28  Pylon  
  185  14:32  Stalker x4  
  185  14:33  Stalker x3  
  199  14:44  Photon Cannon  
  199  14:47  Photon Cannon  
  199  14:49  Photon Cannon  
  199  14:51  Shield Battery  
  199  14:52  Shield Battery  
  171  15:09  Protoss Ground Armor Level 3 (Chrono Boost)  
  171  15:10  High Templar x3  
  171  15:11  Zealot, High Templar x3  
  171  15:12  Zealot x7  
  199  15:16  Archon x2  
  199  15:17  Archon  
  195  15:26  Zealot  
  197  15:38  Cybernetics Core  
  195  15:49  Protoss Air Weapons Level 1  
  156  16:00  Stalker x8  
  156  16:02  Zealot x2, Dark Templar x5  
  142  16:27  Gravitic Boosters (Chrono Boost)  
  142  16:28  Pylon  
  142  16:29  Pylon  
  142  16:34  Nexus  
  142  16:35  Pylon  
  142  16:36  Pylon  
  142  16:41  High Templar x4  
  142  16:42  Protoss Shields Level 2 (Chrono Boost), Stalker, High Templar x2  
  142  16:43  Stalker x7  
  142  16:44  Stalker  
  142  16:47  Archon x3  
  172  17:05  Photon Cannon  
  172  17:06  Photon Cannon  
  168  17:37  Stalker x6  
  168  17:38  Stalker x7  
  168  17:39  Stalker  
  168  17:41  Probe x3  
  197  17:59  Observer  
  197  18:00  Observer  
  197  18:01  Photon Cannon  
  197  18:02  Shield Battery  
  199  18:12  Nexus  
  184  18:13  Pylon  
  184  18:21  Observer x2  
  183  18:37  Probe x2 (Chrono Boost)  
  183  18:38  Probe x2 (Chrono Boost)  
  187  18:47  Probe x4 (Chrono Boost)  
  191  18:52  Probe x3 (Chrono Boost)  
  194  19:09  Probe x3  
  197  19:12  Photon Cannon  
  197  19:14  Photon Cannon  
  197  19:16  Photon Cannon  
  197  19:17  Shield Battery  
  197  19:22  Shield Battery  
  197  19:25  Photon Cannon  
  197  19:45  Probe  
  198  19:46  Probe x2  
  198  19:52  Protoss Shields Level 3 (Chrono Boost)  
  200  19:57  Fleet Beacon  
  180  20:08  Zealot  
  180  20:09  Zealot x9  
  180  20:11  Protoss Air Armor Level 1  
  199  20:17  Zealot x5  
  176  20:33  Probe x5  
  175  20:38  Stalker x3  
  175  20:39  Stalker  
  183  20:45  Probe x5  
  188  20:50  High Templar x3  
  188  20:51  High Templar x3  
  188  20:54  Archon  
  188  20:55  Archon x2  
  180  21:24  Stalker x5  
  180  21:25  Stalker x2  
  194  21:39  Disruptor x2  
  171  21:53  High Templar x3  
  171  21:54  High Templar x3  
  167  22:17  Observer  
  167  22:18  Disruptor x2  
  173  22:30  Archon x2  
  173  22:32  Stalker  
  173  22:33  Archon, Stalker x3  
  173  22:34  Stalker x3  
  173  22:35  Stalker x5  
  197  22:44  Stalker x2  
  197  23:10  Observer  
  197  23:12  Observer x2 (Chrono Boost)  
  197  23:55  Warp Prism  
  171  24:21  Stalker  
  171  24:22  Stalker x9  
  171  24:23  Stalker x5  
  200  24:31  Observer  
  183  25:08  Nexus  
  183  25:09  Pylon  
  178  25:15  Disruptor x2 (Chrono Boost)  
  184  25:22  Zealot x8  
  196  25:34  Assimilator  
  196  25:35  Assimilator  
  193  25:36  Stalker x3  
  199  25:51  Pylon  
  199  25:53  Pylon  
Show
View Real Time Build Order
Export as new Build Order

Neeb Protoss 

Build Orders:  

Get SALT Encoding   

  12  0:00  Probe  
  13  0:12  Probe  
  14  0:17  Pylon  
  14  0:24  Probe (Chrono Boost)  
  15  0:36  Probe (Chrono Boost)  
  15  0:37  Gateway  
  16  0:44  Probe (Chrono Boost)  
  16  0:46  Assimilator  
  17  0:51  Probe  
  17  0:54  Assimilator  
  18  1:03  Probe (Chrono Boost)  
  19  1:07  Gateway  
  19  1:12  Probe (Chrono Boost)  
  19  1:17  Probe (Chrono Boost)  
  20  1:24  Cybernetics Core  
  21  1:29  Probe  
  22  1:34  Pylon  
  22  1:41  Probe  
  23  1:53  Probe  
  24  1:58  Warp Gate (Chrono Boost)  
  24  2:00  Adept x2  
  28  2:05  Probe  
  29  2:10  Pylon  
  29  2:18  Pylon  
  29  2:30  Adept x2  
  33  2:48  Nexus  
  33  3:01  Adept x2  
  33  3:05  Probe  
  38  3:11  Pylon  
  38  3:17  Probe  
  39  3:32  Probe  
  40  3:34  Robotics Facility  
  40  3:41  Shield Battery  
  40  3:43  Stalker  
  40  3:45  Stalker  
  44  3:51  Probe  
  45  4:03  Probe  
  45  4:05  Probe  
  45  4:08  Sentry, Stalker  
  51  4:15  Probe (Chrono Boost)  
  51  4:17  Probe (Chrono Boost)  
  46  4:26  Observer  
  46  4:27  Probe (Chrono Boost)  
  46  4:29  Probe (Chrono Boost)  
  48  4:33  Probe (Chrono Boost)  
  48  4:34  Probe (Chrono Boost)  
  48  4:36  Stalker  
  52  4:38  Stalker  
  52  4:43  Probe (Chrono Boost)  
  52  4:44  Probe (Chrono Boost)  
  56  4:56  Probe (Chrono Boost)  
  58  5:00  Probe (Chrono Boost)  
  58  5:02  Probe (Chrono Boost)  
  58  5:06  Probe  
  60  5:11  Probe (Chrono Boost)  
  61  5:19  Nexus  
  61  5:21  Pylon, Observer  
  62  5:23  Probe (Chrono Boost)  
  62  5:24  Probe (Chrono Boost)  
  59  5:31  Probe (Chrono Boost)  
  59  5:32  Probe (Chrono Boost)  
  59  5:35  Twilight Council  
  53  5:38  Forge  
  53  5:39  Probe  
  53  5:42  Assimilator  
  54  5:44  Stalker  
  54  5:45  Sentry  
  54  5:47  Probe  
  59  5:52  Probe  
  59  5:56  Gateway  
  60  5:57  Protoss Ground Weapons Level 1 (Chrono Boost)  
  60  5:58  Blink (Chrono Boost)  
  60  6:01  Gateway  
  60  6:03  Probe  
  61  6:08  Probe  
  61  6:09  Stalker  
  64  6:17  Stalker  
  66  6:22  Probe x2  
  68  6:26  Pylon  
  68  6:29  Observer  
  68  6:33  Stalker  
  70  6:41  Stalker  
  70  6:44  Gateway  
  72  6:47  Shield Battery  
  72  6:48  Shield Battery  
  72  6:49  Probe x2  
  72  6:51  Probe  
  75  6:56  Stalker x2  
  79  7:01  Probe x2  
  79  7:03  Probe  
  82  7:08  Stalker  
  82  7:09  Stalker  
  82  7:12  Observer  
  82  7:13  Probe  
  82  7:14  Probe  
  82  7:15  Observer, Probe  
  90  7:24  Pylon  
  90  7:25  Probe  
  90  7:26  Pylon, Probe  
  90  7:27  Probe  
  93  7:37  Assimilator  
  93  7:39  Assimilator  
  93  7:42  Probe  
  93  7:43  Probe x2  
  96  7:45  Pylon x2  
  96  7:50  Protoss Ground Weapons Level 2 (Chrono Boost)  
  96  7:53  Assimilator  
  96  7:54  Robotics Bay  
  96  7:55  Probe x3  
  100  7:58  Robotics Facility  
  100  8:02  Stalker x4  
  107  8:18  Photon Cannon  
  107  8:19  Nexus  
  107  8:20  Photon Cannon  
  107  8:21  Probe x2  
  107  8:22  Probe  
  107  8:23  Stalker  
  107  8:25  Stalker  
  114  8:33  Stalker x2  
  118  8:36  Pylon  
  118  8:44  Probe x2  
  118  8:45  Probe  
  124  8:54  Colossus (Chrono Boost)  
  124  8:55  Colossus (Chrono Boost), Pylon  
  133  8:59  Pylon  
  133  9:04  Photon Cannon  
  133  9:06  Pylon  
  133  9:08  Extended Thermal Lance  
  133  9:19  Probe x3  
  136  9:24  Stalker x3  
  136  9:29  Stalker  
  136  9:30  Stalker  
  148  9:40  Colossus  
  148  9:41  Colossus  
  158  9:47  Gateway  
  158  9:48  Observer  
  158  9:51  Gateway  
  158  9:53  Gateway  
  158  9:54  Gateway  
  158  9:58  Dark Shrine  
  158  10:00  Assimilator  
  158  10:05  Assimilator  
  158  10:18  Stalker  
  158  10:19  Stalker x3  
  158  10:20  Pylon  
  158  10:21  Protoss Ground Weapons Level 3 (Chrono Boost)  
  165  10:22  Pylon  
  165  10:25  Photon Cannon  
  165  10:26  Probe x2  
  165  10:27  Pylon, Probe  
  168  10:28  Charge (Chrono Boost)  
  168  10:30  Probe  
  169  10:36  Warp Prism (Chrono Boost)  
  169  10:37  Observer (Chrono Boost)  
  172  10:43  Stalker x4  
  180  10:51  Gateway x2  
  180  10:55  Stalker x2  
  184  11:06  Stalker  
  184  11:07  Stalker x4, Shadow Stride (Chrono Boost)  
  184  11:11  Pylon  
  194  11:24  Nexus  
  194  11:27  Pylon  
  194  11:28  Robotics Facility  
  194  12:00  Stalker x3  
  200  12:04  Photon Cannon  
  200  12:05  Photon Cannon  
  200  12:07  Photon Cannon  
  200  12:10  Shield Battery  
  200  12:11  Shield Battery  
  200  12:15  Photon Cannon  
  200  12:17  Pylon  
  192  12:25  Assimilator  
  192  12:27  Assimilator  
  192  12:33  Zealot x4  
  200  12:38  Photon Cannon  
  200  12:40  Photon Cannon x3  
  200  12:42  Photon Cannon x2  
  200  12:43  Shield Battery  
  200  12:44  Photon Cannon  
  200  12:51  Stargate  
  194  13:19  Dark Templar x2  
  188  13:20  Dark Templar x2  
  188  13:23  Dark Templar x4  
  188  13:26  Zealot x2  
  200  13:32  Probe  
  200  13:33  Observer, Probe  
  200  13:45  Fleet Beacon, Photon Cannon  
  200  13:46  Stargate  
  200  13:47  Photon Cannon  
  200  13:48  Photon Cannon x2, Stargate  
  200  13:52  Cybernetics Core  
  200  13:58  Protoss Air Weapons Level 1 (Chrono Boost)  
  198  14:16  Observer x2  
  188  14:25  Zealot x6  
  188  14:28  Protoss Shields Level 1 (Chrono Boost)  
  200  14:40  Protoss Air Armor Level 1 (Chrono Boost)  
  200  14:46  Nexus  
  200  14:49  Dark Templar x5  
  200  14:52  Zealot x4  
  191  14:53  Zealot x2  
  175  15:16  Dark Templar x3  
  175  15:17  Dark Templar x3  
  187  15:23  Dark Templar x5  
  197  15:30  Gravitic Boosters  
  187  15:44  Disruptor x2  
  187  15:45  Pylon, Nexus  
  187  15:46  Disruptor  
  156  16:06  Stalker x11  
  147  16:19  Disruptor x2  
  147  16:22  Disruptor  
  149  16:42  Photon Cannon  
  149  16:43  Photon Cannon  
  149  16:45  Shield Battery, Pylon, Photon Cannon, Nexus  
  149  16:55  Disruptor  
  149  16:56  Disruptor  
  155  17:05  Probe  
  156  17:10  Oracle  
  159  17:19  Observer  
  141  17:38  Dark Templar  
  141  17:39  Dark Templar x10  
  141  17:41  Observer x2  
  141  17:42  Probe x2  
  165  17:56  Disruptor  
  168  18:01  Disruptor  
  168  18:02  Observer  
  152  18:18  Stalker x2  
  152  18:19  Stalker x7  
  170  18:24  Observer  
  171  18:33  Probe  
  171  18:38  Disruptor  
  174  18:42  Assimilator  
  174  18:43  Assimilator, Disruptor  
  174  18:45  Oracle  
  177  18:53  Stalker x10  
  196  18:57  Disruptor  
  197  19:13  Disruptor  
  197  19:16  Photon Cannon  
  200  19:18  Pylon  
  200  19:31  Observer  
  196  19:50  Observer x2  
  175  20:25  Observer  
  172  20:30  Probe  
  172  20:35  Stalker x3  
  172  20:36  Stalker x8  
  172  20:40  Observer  
  172  20:42  Protoss Shields Level 2 (Chrono Boost)  
  194  20:57  Observer  
  194  20:58  Observer  
  194  21:02  Pylon, Nexus  
  187  21:08  Disruptor  
  190  21:16  Pylon  
  188  21:18  Disruptor  
  191  21:26  Dark Templar x4  
  199  21:37  Zealot x5  
  199  21:38  Zealot x2  
  113  21:58  Probe x2  
  113  21:59  Probe  
  113  22:00  Dark Templar  
  110  22:02  Probe  
  110  22:04  Probe  
  112  22:09  Stalker x8, Photon Cannon  
  112  22:10  Probe  
  112  22:11  Photon Cannon  
  112  22:14  Photon Cannon  
  112  22:15  Shield Battery, Disruptor x2  
  129  22:17  Disruptor  
  129  22:21  Observer  
  136  22:36  Stalker x6  
  148  22:49  Assimilator x2  
  148  23:03  Disruptor  
  148  23:05  Observer  
  157  23:13  Observer  
  157  23:24  Colossus x2  
  155  23:50  Probe x2  
  155  23:53  Stalker x11  
  176  24:27  Observer x2  
  178  24:36  Stalker x5  
  178  24:37  Stalker x2  
  192  24:42  Pylon, Nexus  
  192  24:49  Observer x2  
  194  24:54  Pylon  
  160  25:15  Probe x3  
  160  25:16  Probe  
  164  25:23  Zealot x10  
  171  25:59  Nexus  
  171  26:04  Pylon  
Tags
 
Add a new tag
Caveats
  • Supply blocks, unpowered buildings, or Contaminate may cause inaccurate times.
  • Supply counts are checked every 10 seconds.